 Dungeon Crawl Stone Soup version 0.14-a0-1576-gf4c5cb9 (webtiles) character file.

3158 M4edhros the Nimble (level 9, 0/54 HPs)
             Began as an Octopode Transmuter on Dec 22, 2013.
             Was a Plaything of Xom.
             Slain by a staircase mimic (5 damage)
             ... on Level 8 of the Dungeon.
             The game lasted 00:24:42 (8959 turns).

M4edhros the Nimble (Octopode Transmuter)           Turns: 8959, Time: 00:24:43

HP   0/54        AC  2     Str 12      XL: 9   Next: 80%
MP  14/14        EV 17     Int 18      God: Xom
Gold 217         SH  0     Dex 12      Spells:  6 memorised,  3 levels left

rFire  . . .     SeeInvis +       - Unarmed
rCold  . . .     Clarity  .     (no shield)
rNeg   . . .     Conserve .     (helmet restricted)
rPois  .         rCorr    .     (no amulet)
rElec  .         rRot     .     k - ring of wizardry
SustAb . .       Spirit   .     (no ring)
rMut   .         Warding  .     (no ring)
Saprov . . .     Stasis   .     (no ring)
                                (no ring)
                                (no ring)
                                (no ring)
                                (no ring)

@: held, somewhat resistant to hostile enchantments, fairly stealthy
A: almost no armour, amphibious, 8 rings, constrict 8, rugged brown scales 1,
camouflage 1, see invisible, herbivore 1, fast metabolism 1, magic resistance 1,
slow healing 2, spit poison 1, strong 1, gelatinous body 1
a: Spit Poison, Renounce Religion


You were on level 8 of the Dungeon.
You worshipped Xom.
You were Xom's teddy bear.
You were hungry.

You visited 2 branches of the dungeon, and saw 9 of its levels.

You collected 366 gold pieces.
You spent 149 gold pieces at shops.

Inventory:

Missiles
 b - 36 arrows
 y - 13 arrows of flame
Armour
 s - a +1 shield of positive energy
Magical devices
 p - a wand of confusion (0)
 t - a wand of paralysis (12)
 u - a wand of flame (11)
Comestibles
 a - a bread ration
 h - 2 pears
 A - 3 meat rations
Scrolls
 c - 3 scrolls of identify
 e - 2 scrolls of fog
 f - 3 scrolls of remove curse
 i - 4 scrolls of teleportation
 j - a scroll of noise
 m - 2 scrolls of magic mapping
 q - a scroll of amnesia
 r - a scroll of enchant weapon II
 v - a scroll of silence
 x - 2 scrolls of enchant armour
 C - a scroll of recharging {unknown}
 E - a scroll of immolation {unknown}
Jewellery
 k - a ring of wizardry (left tentacle)
Potions
 n - a potion of restore abilities
 w - a potion of curing
 D - a potion of speed
Books
 d - a book of Changes

   Spells                             Type                      Level
   *Beastly Appendage                 Transmutation                1
   *Sticks to Snakes                  Transmutation                2
   *Spider Form                       Transmutation/Poison         3
   Ice Form                           Ice/Transmutation            4
   Blade Hands                        Transmutation                5
 l - a book of Cantrips

   Spells                             Type                      Level
   *Confusing Touch                   Hexes                        1
   *Animate Skeleton                  Necromancy                   1
   Summon Small Mammal                Summoning                    1
   *Apportation                       Translocation                1
 F - a book of Conjurations

   Spells                             Type                      Level
   Magic Dart                         Conjuration                  1
   Searing Ray                        Conjuration                  2
   Dazzling Spray                     Conjuration/Hexes            3
   Iskenderun's Mystic Blast          Conjuration                  4
   Iskenderun's Battlesphere          Conjuration/Charms           4
   Fulminant Prism                    Conjuration/Hexes            5
Miscellaneous
 g - a phial of floods
 o - a lantern of shadows


   Skills:
 - Level 1.0 Fighting
 + Level 10.5 Dodging
 - Level 5.0 Unarmed Combat
 - Level 2.0 Spellcasting
 + Level 6.0 Hexes
 - Level 4.0 Transmutations


You had 3 spell levels left.
You knew the following spells:

 Your Spells              Type           Power        Failure   Level  Hunger
a - Beastly Appendage     Trmt           ###...       1%          1    #......
b - Sticks to Snakes      Trmt           ###.......   2%          2    ##.....
c - Spider Form           Trmt/Pois      #.........   10%         3    ####...
d - Animate Skeleton      Necr           N/A          7%          1    #......
e - Apportation           Tloc           #.........   7%          1    #......
f - Confusing Touch       Hex            ###.......   1%          1    #......


Dungeon Overview and Level Annotations

Branches:
Dungeon (8/16)             Temple (1/1) D:4
   Lair: D:8-11

Altars:
Cheibriados
Elyvilon
Kikubaaqudgha
Sif Muna
Vehumet
Xom
Yredelemnul
the Shining One

Shops:
D:6 [   D:7 (*


Innate Abilities, Weirdness & Mutations

You cannot wear most types of armour.
You are amphibious.
You can wear up to eight rings at the same time.*
You can use your tentacles to constrict many enemies at once.*
Your skin changes colour to match your surroundings (Stlth).*
Your rubbery body absorbs attacks (AC +1).*
You are partially covered in rugged brown scales (AC +1, +3% HP).*
You have supernaturally acute eyesight.
You digest meat inefficiently.
You have a fast metabolism.
You are resistant to hostile enchantments.
You do not heal naturally when monsters are visible.
You can spit poison.
Your muscles are strong. (Str +2)


Message History

There is a nasty taste in your mouth for a moment.
The crimson imp hits you. The staircase mimic hits you!
The staircase mimic closely misses you.
You hit the staircase mimic.
You tentacle-slap the staircase mimic, but do no damage.
The staircase mimic is almost destroyed.
The crimson imp closely misses you.
You completely miss the staircase mimic.
The staircase mimic is almost destroyed.
The staircase mimic hits you but does no damage.
The staircase mimic hits you!
* * * LOW HITPOINT WARNING * * *
The crimson imp misses you.
You hit the staircase mimic but do no damage.
The staircase mimic is almost destroyed.
The staircase mimic hits you.
* * * LOW HITPOINT WARNING * * *
The staircase mimic hits you.
You die...
Xom howls with laughter!

#.##.#
#..............
#[...#
#########.#.###
####.# #.#... #.#
#.#.#.# #.# #...#.#
###.# ##### # #.
#...#
..#...###.#.#######
...........5@>....#
#.###.#######.###.#
.# .# .. ##


You could see a staircase mimic and a crimson imp.

Vanquished Creatures
  Eustachio (D:7)
  A hippogriff (D:8)
  The ghost of M4edhros the Insei, an average OpTm (D:4)
  A phantom (D:5)
  2 orc warriors (D:6)
  An ogre (D:5)
  A big kobold (D:7)
  Sigmund (D:7)
  Duvessa (D:4)
  2 centaurs
  2 gnoll sergeants (D:6)
  2 giant frogs
  6 crimson imps
  A black bear zombie (D:6)
  6 hounds
  2 orc priests (D:6)
  A gnoll shaman (D:6)
  A giant frog zombie (D:5)
  A water moccasin skeleton (D:7)
  An iguana (D:7)
  2 orc wizards (D:6)
  An ogre zombie (D:7)
  6 worker ants
  Terence (D:2)
  11 gnolls (D:6)
  5 adders
  2 giant mites (D:4)
  A goliath beetle zombie (D:6)
  5 worms
  An adder zombie (D:7)
  3 giant eyeballs
  4 giant geckos
  14 orcs
  3 ball pythons
  14 bats
  A bat skeleton (D:3)
  11 hobgoblins
  10 jackals (D:6)
  5 giant cockroaches
  9 giant newts
  14 goblins
  2 hobgoblin skeletons (D:7)
  A jackal skeleton (D:5)
  15 kobolds
  A kobold skeleton (D:6)
  An orc zombie (D:6)
  3 quokkas
  9 rats
190 creatures vanquished.

Vanquished Creatures (collateral kills)
  A hydra (D:8)
  A phantom (D:6)
  An ogre (D:8)
  A giant frog (D:8)
  Dowan (D:4)
  A worker ant (D:8)
  An orc (D:3)
7 creatures vanquished.

Vanquished Creatures (others)
  2 chaos spawn (D:8)
  A human (D:6)
  A quasit (D:8)
  An iguana (D:5)
  A shadow imp (D:4)
6 creatures vanquished.

Grand Total: 203 creatures vanquished

Notes
Turn   | Place    | Note
--------------------------------------------------------------
     0 | D:1      | M4edhros, the Octopode Transmuter, began the quest for the Orb.
     0 | D:1      | Reached XP level 1. HP: 13/13 MP: 3/3
     1 | D:1      | Noticed a felid
     3 | D:1      | Noticed a dwarf
     3 | D:1      | Noticed a merfolk zombie
     6 | D:1      | Noticed an elf skeleton
     8 | D:1      | Noticed an ogre
    10 | D:1      | Noticed a minotaur
    10 | D:1      | Noticed a minotaur skeleton
    12 | D:1      | Noticed a merfolk skeleton
    13 | D:1      | Noticed a human
    16 | D:1      | Noticed an ogre
    16 | D:1      | Noticed an octopode zombie
   165 | D:1      | Reached XP level 2. HP: 8/18 MP: 4/4
   663 | D:2      | Reached XP level 3. HP: 12/23 MP: 4/6
   667 | D:2      | Learned a level 2 spell: Sticks to Snakes
   671 | D:2      | Learned a level 3 spell: Spider Form
  1417 | D:2      | Noticed Terence
  1437 | D:2      | Killed Terence
  1742 | D:2      | Reached XP level 4. HP: 21/28 MP: 7/7
  2201 | D:3      | Gained mutation: You are resistant to hostile enchantments. [potion of mutation]
  2201 | D:3      | Gained mutation: You heal slowly when monsters are visible. [potion of mutation]
  2201 | D:3      | Gained mutation: You have a fast metabolism. [potion of mutation]
  2383 | D:3      | Reached skill level 4 in Unarmed Combat
  2543 | D:3      | Found a snail-covered altar of Cheibriados.
  2612 | D:4      | Found a staircase to the Ecumenical Temple.
  2623 | Temple   | Entered the Ecumenical Temple
  2652 | Temple   | Became a worshipper of Xom of Chaos
  2667 | D:4      | XOM: potion effect (might)
  2670 | D:4      | Reached XP level 5. HP: 9/33 MP: 7/9
  2674 | D:4      | XOM: colour smoke trail
  3127 | D:4      | Noticed Dowan
  3130 | D:4      | Noticed Duvessa
  3180 | D:4      | Killed Duvessa
  3255 | D:4      | XOM: summons friendly shadow imp
  3268 | D:4      | Killed Dowan
  3327 | D:4      | Noticed M4edhros' ghost (average OpTm)
  3407 | D:4      | Reached XP level 6. HP: 26/38 MP: 10/10
  3603 | D:4      | XOM: enchant monster (good)
  3609 | D:4      | Killed M4edhros' ghost
  3644 | D:4      | Paralysed by a giant eyeball for 4 turns
  3896 | D:4      | XOM: polymorph goblin -> giant mite
  3922 | D:4      | XOM is BORED!
  3922 | D:4      | XOM: mild Hex miscast
  4061 | D:4      | XOM: vitrification
  4156 | D:4      | XOM is BORED!
  4156 | D:4      | XOM: summons 4 hostile shadow creatures
  4265 | D:5      | Entered Level 5 of the Dungeon
  4304 | D:5      | XOM: vitrification
  4388 | D:5      | XOM: cast spell 'Spider Form'
  4475 | D:5      | Reached skill level 5 in Unarmed Combat
  4655 | D:5      | XOM: colour smoke trail
  4666 | D:5      | XOM: inner flame monster(s)
  4775 | D:5      | Reached XP level 7. HP: 31/43 MP: 12/12
  4822 | D:5      | Reached skill level 5 in Dodging
  4829 | D:5      | XOM: 4-stop teleportation journey
  4969 | D:5      | XOM: vitrification
  5058 | D:5      | XOM: god gift: phial of floods
  5217 | D:5      | XOM: vitrification
  5250 | D:5      | XOM: cast spell 'Shadow Creatures'
  5267 | D:5      | Reached skill level 6 in Dodging
  5563 | D:6      | XOM: confuse monster(s)
  5575 | D:6      | Reached skill level 7 in Dodging
  5575 | D:6      | Reached XP level 8. HP: 35/48 MP: 10/13
  5711 | D:6      | XOM: colour smoke trail
  5809 | D:6      | Gained mutation: You do not heal naturally when monsters are visible. [potion of mutation]
  5809 | D:6      | Gained mutation: Your muscles are strong. (Str +2) [potion of mutation]
  5809 | D:6      | Gained mutation: You digest meat inefficiently. [potion of mutation]
  5815 | D:6      | Found a radiant altar of Vehumet.
  5924 | D:6      | XOM: colour smoke trail
  6101 | D:5      | Learned a level 1 spell: Animate Skeleton
  6103 | D:5      | Learned a level 1 spell: Apportation
  6105 | D:5      | Learned a level 1 spell: Confusing Touch
  6281 | D:6      | XOM: harmless Necr miscast
  6290 | D:6      | Reached skill level 8 in Dodging
  6477 | D:6      | XOM: colour smoke trail
  6497 | D:6      | Found Athronwe's Armour Boutique.
  6498 | D:6      | Reached skill level 1 in Hexes
  6535 | D:6      | XOM: noise
  6536 | D:6      | XOM: harmless Summ miscast
  6681 | D:6      | XOM: silly message
  6733 | D:6      | Found an ancient bone altar of Kikubaaqudgha.
  6736 | D:6      | Noticed a human
  6738 | D:6      | Killed a human
  6787 | D:6      | Reached skill level 9 in Dodging
  6817 | D:6      | XOM: divination: detect creatures
  6820 | D:6      | XOM: harmless Divn miscast
  6829 | D:6      | XOM: harmless Fire miscast
  6830 | D:6      | XOM: potion effect (magic)
  6836 | D:6      | XOM: mild Hex miscast
  6846 | D:6      | XOM: medium Trmt miscast
  6859 | D:6      | XOM: confusion (+ monsters)
  6864 | D:6      | XOM: mild Erth miscast
  6870 | D:6      | HP: 2/48 [fell downstairs (1)]
  7122 | D:5      | XOM: god gift: shiny shield {god gift}
  7394 | D:6      | Reached XP level 9. HP: 33/53 MP: 9/14
  7546 | D:7      | Noticed Sigmund
  7556 | D:7      | Killed Sigmund
  7569 | D:7      | XOM: polymorph hound -> adder
  7800 | D:7      | XOM: mild Chrm miscast
  7831 | D:7      | Paralysed by a giant eyeball for 4 turns
  7835 | D:7      | XOM: 1-stop teleportation journey
  7858 | D:7      | Noticed Eustachio
  7859 | D:7      | Found Erier's Antique Weapon Emporium.
  7861 | D:7      | XOM: enchant monster (good)
  7864 | D:7      | XOM: polymorph green rat -> giant newt
  7870 | D:7      | XOM: enchant monster (good)
  7898 | D:7      | Killed Eustachio
  8084 | D:7      | XOM: give mutations
  8084 | D:7      | Gained mutation: You have supernaturally acute eyesight. [Xom's grace]
  8084 | D:7      | Gained mutation: You are partially covered in rugged brown scales (AC +1, +3% HP). [Xom's grace]
  8094 | D:7      | XOM: divination: detect items
  8229 | D:7      | Bought an ancient sling for 149 gold pieces
  8230 | D:7      | Identified the cursed +0,+0 sling "Koops" {velocity, rPois} (You bought it in a shop on level 7 of the Dungeon)
  8283 | D:7      | Found Juengum's General Store.
  8348 | D:7      | XOM: 8-stop teleportation journey
  8528 | D:7      | Reached skill level 10 in Dodging
  8667 | D:8      | Reached skill level 5 in Hexes
  8787 | D:8      | Noticed an eight-headed hydra
  8787 | D:8      | XOM: summons 9 friendly demons
  8793 | D:8      | Killed an eight-headed hydra
  8876 | D:8      | XOM: god gift: hardcover book {god gift}
  8917 | D:8      | XOM: 4-stop teleportation journey
  8956 | D:8      | XOM: give mutation
  8956 | D:8      | Gained mutation: You can spit poison. [Xom's grace]
  8959 | D:8      | Slain by a staircase mimic

Action                   |  1- 3 |  4- 6 |  7- 9 || total
-------------------------+-------+-------+-------++-------
Melee: Unarmed           |    81 |   171 |   433 ||   685
 Cast: Beastly Appendage |     3 |     8 |     7 ||    18
       Sticks to Snakes  |     2 |    17 |     2 ||    21
       Spider Form       |       |     1 |    32 ||    33
       Confusing Touch   |       |       |    30 ||    30
Evoke: phial of floods   |       |       |     1 ||     1
       Wand              |       |       |     1 ||     1
  Use: Scroll            |     3 |     4 |     6 ||    13
       Potion            |     1 |     3 |    11 ||    15
 Stab: Sleeping          |     5 |     2 |     2 ||     9
       Confused          |       |       |    20 ||    20
       Paralysed         |       |       |     3 ||     3
